AoeStats
← Low_Fuchs

Migration

507933597Analyzed
1v1 RM · 11d ago on Sep 20, 2026· 62m 41s· 2 players
Game mode
Random Map
Map size
132×132
Population
200
Speed
Normal
Resources
Standard
Victory
Conquest
Starting age
Dark Age
Ending age
Imperial Age
RankedLock teamsTeams togetherTeam positionsShared explorationLock speedFull tech treeHidden civsTurbo modeCheats
Victory
Defeat
🇩🇪 Magyars · Germany
1569
+15
🇪🇸 Vikings · Spain
1541
-15
ulivr
8:55 Loom
12:03 Feudal Age
12:44 Fishing Lines
15:52 Castle Age
14:26 Fishing Lines
17:27 Medium Warships
19:11 Gillnets
19:41 Double-Bit Axe
21:41 Bow Saw
23:08 Fletching
24:07 Careening
24:10 Clinker Construction
23:59 Bodkin Arrow
28:39 Scale Mail Armor
34:55 Imperial Age
36:01 Heavy Warships
36:12 Dry Dock
36:53 Chemistry
38:28 Pikeman
44:26 Squires
44:43 Chain Mail Armor
44:38 Forging
44:51 Conscription
45:37 Man-at-Arms
46:17 Squires
46:03 Gambesons
46:38 Long Swordsman
46:51 Elite Skirmisher
48:52 Padded Archer Armor
48:57 Bracer
50:03 Ballistics
53:06 Two-Handed Swordsman
55:17 Elite Longship
55:33 Champion
56:47 Plate Mail Armor
55:45 Elite Cannon Galleon
Low_Fuchs
11:22 Feudal Age
11:44 Fishing Lines
12:05 Double-Bit Axe
13:30 Fletching
17:42 Castle Age
15:43 Horse Collar
18:32 Gillnets
18:30 Loom
19:13 Bow Saw
19:30 Medium Warships
19:16 Bodkin Arrow
21:42 Wheelbarrow
28:18 Heavy Plow
30:46 Gold Mining
33:36 Scale Barding Armor
33:44 Bloodlines
33:35 Husbandry
38:11 Imperial Age
36:09 Chain Barding Armor
38:12 Hand Cart
38:24 Ballistics
38:15 Masonry
38:32 Heated Shot
39:13 Stone Mining
39:58 Gold Shaft Mining
39:06 Elite Magyar Huszar
41:07 Plate Barding Armor
41:43 Bracer
42:17 Crossbowman
43:24 Thumb Ring
43:23 Padded Archer Armor
43:11 Arbalester
45:39 Leather Archer Armor
46:04 Conscription
46:33 Corvinian Army
47:12 Hoardings
48:22 Ring Archer Armor
48:53 Chemistry
47:59 Siege Engineers
47:34 Treadmill Crane
52:41 Shipwright
55:26 Heavy Warships
57:02 Two-Man Saw
56:32 Crop Rotation
57:04 Clinker Construction
57:07 Careening
57:15 Town Watch
Connection lost

Rejoining the realm…

Still unreachable

The connection could not be restored.

Session expired

The server has moved on; the page needs a fresh start.